 Dungeon Crawl Stone Soup version 0.27.1-35-g4d5d836560 (webtiles) character file.

Game seed: 1561170367277381115

396 Delamore the Sneak (level 6, 0/39 HPs)
             Began as an Octopode Brigand on Apr 23, 2022.
             Slain by a centaur warrior zombie (2 damage)
             ... on level 5 of the Dungeon.
             The game lasted 00:03:52 (4215 turns).

Delamore the Sneak (Octopode Brigand)               Turns: 4215, Time: 00:03:52

Health: 0/39       AC:  1    Str: 16    XL:     6   Next: 82%
Magic:  6/6        EV: 13    Int: 13    God:
Gold:   306        SH:  0    Dex: 16    Spells: 5/5 levels left

rFire    . . .     SeeInvis .   a - +2 dagger (flame)
rCold    . . .     Faith    .   (no shield)
rNeg     . . .     Spirit   .   (helmet restricted)
rPois    +         Reflect  .   (no amulet)
rElec    .         Harm     .   l - ring of resist corrosion
rCorr    +         Rampage  .   e - ring of poison resistance
Will     .....                  r - +6 ring of strength
Stlth    +++++.....             (no ring)
HPRegen  0.13/turn              (no ring)
MPRegen  0.10/turn              (no ring)
                                (no ring)
                                (no ring)

@: no status effects
A: almost no armour, amphibious, 8 rings, camouflage 1, gelatinous body 1,
(nimble swimmer 1), tentacles
a: no special abilities


You were on level 5 of the Dungeon.
You visited 1 branch of the dungeon, and saw 5 of its levels.

You collected 306 gold pieces.

Inventory:

Hand Weapons
 a - a +2 dagger of flaming (weapon)
 n - a +4 vampiric dagger
Missiles
 b - 13 poisoned darts (quivered)
 c - 2 curare-tipped darts
 f - 6 boomerangs
Jewellery
 e - a ring of poison resistance (right tentacle)
 l - a ring of resist corrosion (left tentacle)
 r - a +6 ring of strength (on tentacle)
Scrolls
 q - a scroll of holy word
Potions
 d - a potion of lignification {unknown}
 g - a potion of might {unknown}
 i - a potion of resistance {unknown}
 j - a potion of degeneration {unknown}
 k - 3 potions of flight
 m - a potion of berserk rage {unknown}
 o - 2 potions of heal wounds {unknown}
 s - 2 potions of attraction {unknown}


   Skills:
 - Level 2.0 Fighting
 * Level 5.3 Short Blades
 + Level 3.6 Throwing
 - Level 1.0 Dodging
 + Level 7.2 Stealth


You had 5 spell levels left.
You didn't know any spells.
Your spell library contained the following spells:

 Spells                   Type           Power      Damage    Failure   Level
 Magic Dart               Conj           0%         1d3       30%         1
 Call Imp                 Summ           0%         N/A       43%         2
 Mephitic Cloud           Conj/Pois/Air  0%         N/A       67%         3


Dungeon Overview and Level Annotations

Branches:
Dungeon (5/15)
 Temple: D:4-7

Altars:
Nemelex Xobeh
Qazlal

Shops:
D:5 *

Annotations:
D:3 3 runed translucent doors, makewrite's ghost, amateur MiGl


Innate Abilities, Weirdness & Mutations

You cannot wear most types of armour.
You are amphibious.
You can wear up to eight rings at the same time.
Your skin changes colour to match your surroundings (Stealth+).
Your rubbery body absorbs attacks. (AC +1, EV +1)
((You are camouflaged near water. (Stealth+)))
You have tentacles for arms and can constrict up to eight enemies at once.


Message History

The centaur warrior zombie hits you.
* * * LOW HITPOINT WARNING * * *
The centaur warrior zombie completely misses you.
You barely miss the centaur warrior zombie.
You squeeze the centaur warrior zombie.
The centaur warrior zombie is heavily damaged.
The centaur warrior zombie hits you.
* * * LOW HITPOINT WARNING * * *
The centaur warrior zombie kicks you.
* * * LOW HITPOINT WARNING * * *
The centaur warrior zombie barely misses you.
The centaur warrior zombie kicks you.
* * * LOW HITPOINT WARNING * * *
You feel better.
The centaur warrior zombie closely misses you.
The centaur warrior zombie kicks you.
You barely miss the centaur warrior zombie.
The centaur warrior zombie is heavily damaged.
The centaur warrior zombie hits you but does no damage.
The centaur warrior zombie kicks you.
* * * LOW HITPOINT WARNING * * *
You completely miss the centaur warrior zombie.
The centaur warrior zombie is heavily damaged.
The centaur warrior zombie hits you.
* * * LOW HITPOINT WARNING * * *
The centaur warrior zombie kicks you.
* * * LOW HITPOINT WARNING * * *
You hit the centaur warrior zombie. You burn the centaur warrior zombie.
The centaur warrior zombie is heavily damaged.
The centaur warrior zombie hits you.
* * * LOW HITPOINT WARNING * * *
The centaur warrior zombie kicks you.
* * * LOW HITPOINT WARNING * * *
You hit the centaur warrior zombie. You burn the centaur warrior zombie.
You squeeze the centaur warrior zombie.
The centaur warrior zombie is severely damaged.
The centaur warrior zombie hits you.
* * * LOW HITPOINT WARNING * * *
The centaur warrior zombie kicks you.
You die...

.....####*** *,.............
...######*,* **........l.W5.
...#.....#,** *#......<..#.#
†).#.∩.>.#,,*
#######......####..
...#.....#.,###..#......###*
##.
...#######..##........#** *.
......# ##.........##* *#
......####...........## *
................@Z....# *
............((........#
......................# *
###....§§(...........## * #
#.................## *
#................## **
#...............## *,
#.............### *,
#.####..####### **


You could see a centaur warrior zombie.

Vanquished Creatures
  A phantom (D:5)
  A jelly (D:4)
  A hound (D:5)
  An iguana (D:4)
  Terence (D:2)
  A hound skeleton (D:4)
  8 adders
  A shadow imp (D:4)
  2 ufetubi
  A dart slug (D:1)
  9 orcs
  8 endoplasms
  4 giant cockroaches
  3 goblins (D:1)
  10 hobgoblins
  5 jackals
  5 kobolds
  5 quokkas
  9 ball pythons
  8 bats
  2 frilled lizards
  11 rats
97 creatures vanquished.

Vanquished Creatures (others)
  2 fungi (D:2)
2 creatures vanquished.

Grand Total: 99 creatures vanquished

Notes
Turn   | Place    | Note
-------+----------+-------------------------------------------
     0 | D:1      | Delamore the Octopode Brigand began the quest for the Orb.
     0 | D:1      | Reached XP level 1. HP: 14/14 MP: 1/1
   261 | D:1      | Reached XP level 2. HP: 19/19 MP: 2/2
   646 | D:1      | Reached XP level 3. HP: 24/24 MP: 3/3
  1363 | D:2      | Reached skill level 6 in Stealth
  1363 | D:2      | Reached XP level 4. HP: 29/29 MP: 4/4
  2007 | D:2      | Noticed Terence
  2010 | D:2      | Killed Terence
  2159 | D:2      | Reached XP level 5. HP: 34/34 MP: 5/5
  2189 | D:2      | Found a faded altar of an unknown god.
  3048 | D:3      | Found a runed translucent gate.
  3048 | D:3      | Found a runed translucent gate.
  3052 | D:3      | Found a runed translucent gate.
  3053 | D:3      | Noticed makewrite's ghost (amateur MiGl)
  3065 | D:3      | You fall into a shaft and drop 2 floors!
  3065 | D:5      | Entered Level 5 of the Dungeon
  3065 | D:5      | Noticed a phantom
  3277 | D:3      | Found a sparkling altar of Nemelex Xobeh.
  3564 | D:4      | Reached XP level 6. HP: 39/39 MP: 6/6
  3743 | D:4      | Found a stormy altar of Qazlal.
  3976 | D:5      | Found Zauwkux's General Store.
  3993 | D:5      | Reached skill level 5 in Short Blades
  3993 | D:5      | Reached skill level 7 in Stealth
  4215 | D:5      | Slain by a centaur warrior zombie

Illustrated notes

Levels and vault maps discovered:
D:1:      minmay_arrival_nine_rooms, layout_rooms, minmay_misc_feat_cross,
          minmay_split_cup_large
D:2:      minmay_chambers_of_twos, layout_basic,
          dreamdust_ecumenical_altar_hidden_monk_grotto,
          chequers_serial_rivers_micro_c, uniq_terence
D:3:      layout_loops_ring, nemelex_spade_bored_becter,
          ebering_ghost_rock_garden
D:4:      layout_basic, nicolae_qazlal_eye_of_the_storm,
          kennysheep_generic_room_6
D:5:      minmay_recursive_quarters, layout_cave_pods, serial_shops,
          nicolae_take_the_stairs, minmay_ruined_shrine

Skill      XL: |  1  2  3  4  5  6 |
---------------+-------------------+-----
Short Blades   | 3 4 5 |  5.3
Stealth        | 6 7 |  7.2
Throwing       | 3 |  3.6
Fighting       | |  2.0
Dodging        | |  1.0

Action                   |  1- 3 |  4- 6 || total
-------------------------+-------+-------++-------
Melee: Dagger            |    51 |   138 ||   189
       Constrict         |    10 |    19 ||    29
       Tentacles         |     7 |    28 ||    35
Throw: Dart              |       |     5 ||     5
  Use: Scroll            |       |     7 ||     7
       Potion            |       |     2 ||     2
 Stab: Sleeping          |    10 |    26 ||    36
       Distracted        |     1 |       ||     1
Armor: Skin              |     4 |    10 ||    14
Dodge: Dodged            |    19 |    74 ||    93
